 Dungeon Crawl Stone Soup version 0.20.1-1-g8b1a95d (webtiles) character file.

163 Glalom the Grave Robber (level 5, -5/42 HPs)
             Began as a Deep Dwarf Necromancer on Nov 8, 2017.
             Slain by an ogre
             ... wielding a +0 giant spiked club
              (21 damage)
             ... on level 4 of the Dungeon.
             The game lasted 00:08:36 (4248 turns).

Glalom the Grave Robber (Deep Dwarf Necromancer)    Turns: 4248, Time: 00:08:37

Health: -5/42      AC:  2    Str: 11    XL:     5   Next: 20%
Magic:  0/8        EV: 13    Int: 17    God:
Gold:   143        SH:  0    Dex: 13    Spells: 5/9 levels left

rFire    . . .     SeeInvis .   i - +0 dagger
rCold    . . .     Gourm    .   (no shield)
rNeg     . . .     Faith    .   a - +0 robe
rPois    .         Spirit   .   (no helmet)
rElec    .         Reflect  .   (no cloak)
rCorr    .         Harm     .   (no gloves)
MR       .....                  (no boots)
Stlth    ++........             p - amulet of rage
Regen    0.0/turn               (no ring)
MPRegen  0.2/turn               (no ring)

@: very slightly contaminated, non-regenerating
A: damage resistance, heal wounds, sense surroundings 1, no regeneration
a: Heal Wounds, Evoke Berserk Rage


You were on level 4 of the Dungeon.
You were near starving.

You visited 1 branch of the dungeon, and saw 4 of its levels.

You collected 143 gold pieces.

Inventory:

Hand Weapons
 i - a +0 dagger (weapon)
Armour
 a - a +0 robe (worn)
Jewellery
 p - an amulet of rage (around neck)
Scrolls
 d - 5 scrolls of teleportation {unknown}
 f - a scroll of blinking {unknown}
 h - a scroll of remove curse {unknown}
 j - 2 scrolls of identify {unknown}
 k - a scroll of magic mapping {unknown}
 s - 2 scrolls of fear {unknown}
Potions
 e - a potion of cancellation {unknown}
 l - a potion of flight {unknown}
 n - a potion of heal wounds {unknown}
 o - a potion of haste {unknown}
 q - a potion of lignification {unknown}
 r - a potion of mutation {unknown}
 u - a potion of brilliance {unknown}
 v - 2 potions of resistance {unknown}
Books
 b - a book of Necromancy

   Spells                             Type                      Level
   a - Pain                           Necromancy                   1
   b - Animate Skeleton               Necromancy                   1
   c - Vampiric Draining              Necromancy                   3
   d - Regeneration                   Charms/Necromancy            3
   e - Animate Dead                   Necromancy                   4
   f - Control Undead                 Necromancy                   4
Comestibles
 c - a bread ration
 g - 10 fruits
 m - 4 meat rations


   Skills:
 - Level 2.4 Dodging
 - Level 2.4 Stealth
 + Level 2.5 Spellcasting
 * Level 6.6 Necromancy


You had 5 spell levels left.
You knew the following spells:

 Your Spells              Type           Power        Failure   Level  Hunger
a - Pain                  Necr           ###.         1%          1    #......
b - Vampiric Draining     Necr           ###.......   3%          3    ###....


Dungeon Overview and Level Annotations

Branches:
Dungeon (4/15)
 Temple: D:4-7

Altars:
Dithmenos
Kikubaaqudgha

Annotations:
D:3 Schiappus's ghost, weakling TrBe


Innate Abilities, Weirdness & Mutations

You are resistant to damage.
You can heal yourself by infusing magical energy.
You passively map a small area around you.
You do not regenerate.


Message History

There is an open door here.
There is an open door here.
The ogre hits you with a giant spiked club!
Casting: Pain
Confirm with . or Enter, or press ? or * to list all spells.
Aiming: Pain
Press: ? - help, Shift-Dir - straight line, f/p - ogre
Aim: an ogre, wielding a giant spiked club (severely wounded, chance to defeat MR: 83%)
The ogre writhes in agony!
Casting: Pain
Confirm with . or Enter, or press ? or * to list all spells.
Aiming: Pain
Press: ? - help, Shift-Dir - straight line, f/p - ogre
Aim: an ogre, wielding a giant spiked club (almost dead, chance to defeat MR: 83%)
You miscast Pain.
You are very lightly contaminated with residual magic.
Nothing appears to happen.
The ogre hits you with a giant spiked club!!
Ouch! That really hurt!
You die...

#.............# *#####
#.............#....#...#
#.............#....#...#
#.............#....#...#
#.............#....#...#
#########.............#....#...#
......................#....#...#
.......<..............#....#...#
.........#####..@.....##'###...#
.........#...#..O..........#...#
.........#...#.............#...#
##########...'.............#...#
'.......##...#.............#...#
#.......##...#.............'...#
#............#.............#...#
#..##...##...#......############
#..##...##...#......# *


You could see an ogre.

Vanquished Creatures
  Jessica (D:2)
  A gnoll (D:4)
  5 adders
  3 worms (D:2)
  2 dart slugs
  2 leopard geckos
  An orc (D:3)
  A ball python (D:2)
  5 bats
  3 giant cockroaches
  12 goblins
  9 hobgoblins
  4 jackals
  3 kobolds
  A quokka (D:4)
  2 frilled lizards (D:2)
  8 rats
63 creatures vanquished.

Notes
Turn   | Place    | Note
-------+----------+-------------------------------------------
     0 | D:1      | Glalom the Deep Dwarf Necromancer began the quest for the Orb.
     0 | D:1      | Reached XP level 1. HP: 15/15 MP: 3/3
   493 | D:1      | Reached XP level 2. HP: 20/22 MP: 1/4
   781 | D:1      | Reached skill level 5 in Necromancy
  1665 | D:2      | Reached XP level 3. HP: 26/28 MP: 0/6
  1670 | D:2      | Learned a level 3 spell: Vampiric Draining
  2143 | D:2      | Noticed Jessica
  2146 | D:2      | Killed Jessica
  2146 | D:2      | Reached XP level 4. HP: 34/36 MP: 1/7
  2223 | D:2      | Reached skill level 6 in Necromancy
  2704 | D:3      | Noticed Schiappus's ghost (weakling TrBe)
  2896 | D:3      | Found an ancient bone altar of Kikubaaqudgha.
  3086 | D:3      | Reached XP level 5. HP: 40/42 MP: 6/8
  4052 | D:4      | Found a shadowy altar of Dithmenos.
  4222 | D:4      | Noticed an ogre
  4248 | D:4      | Slain by an ogre

Skill      XL: |  1  2  3  4 |
---------------+-------------+-----
Necromancy     | 5 6 |  6.6
Spellcasting   | 2 |  2.5
Dodging        | |  2.4
Stealth        | |  2.4

Action                   |  1- 3 |  4- 6 || total
-------------------------+-------+-------++-------
Melee: Dagger            |    15 |       ||    15
 Cast: Pain              |    80 |    62 ||   142
       Vampiric Draining |     3 |     5 ||     8
  Eat: Chunk             |     5 |     2 ||     7
       Bread ration      |       |     1 ||     1
Armor: Robe              |     6 |     1 ||     7
Dodge: Dodged            |    17 |    15 ||    32
